 Dungeon Crawl Stone Soup version 0.27-a0-1342-ga99462a43c (webtiles) character file.

Game seed: 2083664893476372847

6 Gargoyl the Skirmisher (level 1, 0/23 HPs)
             Began as a Gnoll Abyssal Knight on June 27, 2021.
             Was a Follower of Lugonu.
             Slain by a kobold (4 damage)
             ... on level 1 of the Dungeon.
             The game lasted 00:00:33 (265 turns).

Gargoyl the Skirmisher (Gnoll Abyssal Knight)        Turns: 265, Time: 00:00:33

Health: 0/23       AC:  3    Str: 11    XL:     1   Next: 90%
Magic:  3/3        EV: 11    Int: 11    God:    Lugonu [*.....]
Gold:   37         SH:  0    Dex: 11    Spells: 0/0 levels left

rFire    . . .     SeeInvis .   a - +2 hand axe
rCold    . . .     Faith    .   (no shield)
rNeg     . . .     Spirit   .   b - +0 leather armour
rPois    .         Reflect  .   (no helmet)
rElec    .         Harm     .   (no cloak)
rCorr    .         Rampage  .   (no gloves)
Will     .....                  (no boots)
Stlth    +.........             (no amulet)
HPRegen  0.07/turn              (no ring)
MPRegen  0.08/turn              (no ring)

@: no status effects
A: fangs 1, strong nose, distributed training
a: Renounce Religion, Depart the Abyss


You were on level 1 of the Dungeon.
You worshipped Lugonu.
Lugonu was aware of your devotion.
You visited 1 branch of the dungeon, and saw 1 of its levels.
You visited the Abyss 1 time.

You collected 37 gold pieces.

Inventory:

Hand Weapons
 a - a +2 hand axe (weapon)
Armour
 b - a +0 leather armour (worn)


   Skills:
 + Level 6.4 Fighting
 + Level 0.2 Short Blades
 + Level 0.2 Long Blades
 + Level 4.4 Axes
 + Level 0.2 Maces & Flails
 + Level 0.2 Polearms
 + Level 0.2 Staves
 + Level 0.2 Slings
 + Level 0.2 Bows
 + Level 0.2 Crossbows
 + Level 0.2 Throwing
 + Level 4.4 Armour
 + Level 2.4 Dodging
 + Level 0.2 Stealth
 + Level 0.2 Shields
 + Level 0.2 Unarmed Combat
 + Level 0.2 Spellcasting
 + Level 0.1 Conjurations
 + Level 0.1 Hexes
 + Level 0.1 Summonings
 + Level 0.1 Necromancy
 + Level 0.1 Translocations
 + Level 0.1 Transmutations
 + Level 0.1 Fire Magic
 + Level 0.1 Ice Magic
 + Level 0.1 Air Magic
 + Level 0.1 Earth Magic
 + Level 0.1 Poison Magic
 + Level 4.4 Invocations
 + Level 0.2 Evocations


You couldn't memorise any spells.
You didn't know any spells.
Your spell library was empty.

Dungeon Overview and Level Annotations

Branches:
Dungeon (1/15)

Altars:


Innate Abilities, Weirdness & Mutations

You have very sharp teeth.
Your uncanny sense of smell can sniff out nearby items.
Your experience applies equally to all skills.


Message History

You closely miss the hobgoblin. You hit the giant cockroach.
The giant cockroach bites you. The hobgoblin hits you.
The giant cockroach closely misses you.
Unknown command.
You hit the hobgoblin but do no damage. You hit the giant cockroach.
You kill the giant cockroach!
Lugonu accepts your kill.
You can now depart the Abyss.
The hobgoblin hits you.
You hit the hobgoblin. Your bite misses the hobgoblin.
The hobgoblin is almost dead.
The hobgoblin closely misses you.
Unknown command.
You hit the hobgoblin.
You kill the hobgoblin!
Lugonu accepts your kill.
You barely miss the kobold. The kobold hits you but does no damage.
Unknown command.
You hit the kobold but do no damage.
The kobold hits you with a +0 short sword.
You closely miss the kobold. The kobold hits you but does no damage.
Unknown command.
You closely miss the kobold. The kobold barely misses you.
Unknown command.
You hit the kobold.
You kill the kobold!
Lugonu accepts your kill.
Unknown command.
A kobold comes into view. It is wielding a +0 club.
The kobold shouts!
You hear a shout!
A kobold comes into view. It is wielding a +0 club.
Things that are here:
a +0 short sword; a hobgoblin corpse Unknown command.
The kobold hits you with a +0 club.
* * * LOW HITPOINT WARNING * * *
You slash the kobold!
You kill the kobold!
Lugonu accepts your kill.
You closely miss the kobold. The kobold hits you with a +0 club.
You die...

#.# . ###.###
.# #.....#..#
###.....#..
.........
#.....#
#..##.K)..#
.......@..#
#..####..##
#..# #).# #
##.####†.##.#
............#
#######...###
#.#.# #.#.#


You could see a kobold.

Vanquished Creatures
  An endoplasm (D:1)
  A giant cockroach (D:1)
  2 hobgoblins (D:1)
  2 kobolds (D:1)
6 creatures vanquished.

Notes
Turn   | Place    | Note
-------+----------+-------------------------------------------
     0 | Abyss:1  | Gargoyl the Gnoll Abyssal Knight began the quest for the
                  | Orb.
     0 | Abyss:1  | Reached XP level 1. HP: 23/23 MP: 3/3
    12 | Abyss:1  | Found a corrupted altar of Lugonu.
   115 | Abyss:2  | Noticed a small abomination
   168 | D:1      | Escaped the Abyss
   253 | D:1      | Reached * piety under Lugonu
   265 | D:1      | Slain by a kobold

Illustrated notes

Levels and vault maps discovered:
D:1:      minmay_arrival_jagged, layout_loops_ring, basic_ecumenical_altar

Action                   || total
-------------------------++-------
Melee: Hand axe          ||    15
       Bite              ||     1
Invok: Depart the Abyss  ||     1
  Use: Scroll            ||     2
Armor: Leather armour    ||     4
Dodge: Dodged            ||     6

Table legend: (Time is in decaauts)
 A = Elapsed time spent in this place.
 B = Non-inter-level travel time spent in this place.
 C = Inter-level travel time spent in this place.
 D = Time resting spent in this place.
 E = Time spent auto-exploring this place.
 F = Levels seen in this place.
 G = Mean time per level.
                   A        B        C        D        E       F      G
               +--------+--------+--------+--------+--------+-----+--------+
         Total |    265 |    265 |      0 |      0 |    211 |   3 |   88.3 |
       Dungeon |     98 |     98 |      0 |      0 |     72 |   1 |   98.0 |
         Abyss |    167 |    167 |      0 |      0 |    139 |   2 |   83.5 |
               +--------+--------+--------+--------+--------+-----+--------+

Top non-repeatable levels by time:
 Abyss:2: 116 daAuts
     D:1: 98 daAuts
 Abyss:1: 51 daAuts
